 Dungeon Crawl Stone Soup version 0.29-a0-1019-g84f7d21838 (webtiles) character file.

Game seed: 6403946170885114682

1649 ytrimaz the Cleaver (level 9, -6/64 HPs)
             Began as a Formicid Fighter on Aug 10, 2022.
             Was a Follower of Okawaru.
             Killed from afar by Maggie (27 damage)
             ... with a bolt of fire
             ... on level 6 of the Dungeon.
             The game lasted 00:06:09 (6023 turns).

ytrimaz the Cleaver (Formicid Fighter)              Turns: 6023, Time: 00:06:10

Health: -6/64      AC:  8    Str: 25    XL:     9   Next: 19%
Magic:  9/9        EV:  8    Int:  8    God:    Okawaru [*.....]
Gold:   279        SH:  4    Dex: 11    Spells: 8/8 levels left

rFire   . . .      SeeInvis +   a - +0 war axe (venom)
rCold   + . .      Faith    .   c - +0 buckler
rNeg    . . .      Spirit   .   u - +2 chain mail {rC+}
rPois   .          Reflect  .   (helmet unavailable)
rElec   .          Harm     .   (no cloak)
rCorr   .          Rampage  .   (no gloves)
Will    +....      Clarity  +   g - +0 pair of boots
Stlth   ..........              (no amulet)
HPRegen 0.20/turn               t - ring of willpower
MPRegen 0.11/turn               (no ring)

@: no status effects
A: permanent stasis, dig shafts and tunnels, antennae 3, four strong arms,
clarity, clumsy 1, deformed body
a: Dig, Shaft Self, Renounce Religion, Heroism


You were on level 6 of the Dungeon.
You worshipped Okawaru.
Okawaru was aware of your devotion.
You visited 2 branches of the dungeon, and saw 7 of its levels.
You also visited: Sewer.

You collected 279 gold pieces.

Inventory:

Hand Weapons
 a - a +0 war axe of venom (weapon)
 z - a +0 battleaxe
Missiles
 d - 2 throwing nets
 i - 4 boomerangs
Armour
 b - a +0 scale mail
 c - a +0 buckler (worn)
 g - a +0 pair of boots (worn)
 u - a +2 chain mail of cold resistance (worn)
Jewellery
 m - an amulet of magic regeneration
 q - a ring of flight
 t - a ring of willpower (left hand)
Wands
 j - a wand of polymorph (8)
 k - a wand of flame (5)
Scrolls
 e - a scroll of noise
 f - 8 scrolls of identify
 h - a scroll of fear
 l - a scroll of amnesia
 p - a scroll of butterflies {unknown}
 r - a scroll of magic mapping {unknown}
 y - a scroll of enchant armour {unknown}
Potions
 n - a potion of brilliance {unknown}
 o - 2 potions of ambrosia
 s - 2 potions of haste {unknown}
 v - a potion of invisibility {unknown}
 w - 3 potions of magic {unknown}
 x - 2 potions of cancellation {unknown}


   Skills:
 - Level 3.3 Fighting
 + Level 11.2 Axes
 - Level 3.3 Armour
 - Level 4.0 Shields


You had 8 spell levels left.
You didn't know any spells.
Your spell library contained the following spells:

 Spells                   Type           Power      Damage    Failure   Level
 Poisonous Vapours        Pois/Air       0%         N/A       99%         2
 Corpse Rot               Necr/Pois/Air  0%         N/A       100%        4


Dungeon Overview and Level Annotations

Branches:
Dungeon (6/15)             Temple (1/1) D:5           Sewer (visited)

Altars:
Ashenzari
Cheibriados
Dithmenos
Fedhas
Gozag
Kikubaaqudgha
Makhleb
Okawaru
Qazlal
Trog
Uskayaw
Vehumet
Wu Jian
Yredelemnul
Zin
The Shining One

Shops:
D:6 =

Portals:
Abyss: D:5

Annotations:
D:5 2 transporters, voltaire321's ghost, amateur DsVM
D:6 Edmund; Maggie


Innate Abilities, Weirdness & Mutations

You cannot be hasted, slowed, berserked, paralysed or teleported.
You can dig through walls and to a lower floor.
You have a pair of large antennae on your head. (SInv)
Your four strong arms can wield two-handed weapons with a shield.
You possess an exceptional clarity of mind.
You are clumsy. (Dex -2)
Armour fits poorly on your strangely shaped body.


Message History

Level annotation: Edmund; Maggie
There is a stone staircase leading up, spattered with blood here.
Maggie is nearby!
Maggie casts a spell.
Maggie attempts to bespell you!
You are unaffected.
You climb upwards.
Level annotation: 2 transporters, voltaire321's ghost, amateur DsVM
There is a stone staircase leading down here.
You start waiting.
Done waiting.
You climb downwards.
Level annotation: Edmund; Maggie
There is a stone staircase leading up, spattered with blood here.
You slash Maggie!
Maggie looks as sick as possible!
Maggie is moderately wounded.
Maggie hits you with a +1 vorpal war axe.
You hit Maggie.
Maggie looks as sick as possible!
Maggie is moderately wounded.
Maggie points at you and mumbles some strange words.
The bolt of fire hits you!!
You hit Maggie.
Maggie is heavily wounded.
Maggie gives herself a magical halo, but it quickly sputters out.
You block Maggie's attack.
You hit Maggie.
Maggie is heavily wounded.
Maggie points at you and mumbles some strange words.
The bolt of fire hits you!
You completely miss Maggie.
Maggie is heavily wounded.
Maggie gestures wildly while chanting.
Maggie attempts to bespell you!
You are unaffected.
You barely miss Maggie.
Maggie is severely wounded.
Maggie misses you.
You closely miss Maggie.
Maggie is severely wounded.
Maggie casts a spell at you. The bolt of fire hits you!!
You die...

###### #....#
#....# #....#
#....+ #...)##
###+#@# ##+#@# ##
#....# .
#....#+#####.#
#...#......#.####
#...#......'>....
.
#...#......#######
.
#...#..†...+@{{{.#
.
#...#......#####{#
.


You could see Maggie (extremely poisoned).

Vanquished Creatures
  Prince Ribbit (D:6)
  Sigmund (D:2)
  An orc warrior (D:6)
  2 ogres (D:6)
  3 kobold brigands (Sewer)
  A phantom (D:5)
  A scorpion (D:5)
  A necrophage (D:5)
  3 hounds
  An orc priest (D:4)
  Jessica (D:2)
  4 iguanas
  Terence (D:3)
  Natasha (thrice) (D:2)
  3 orc wizards
  Robin (D:2)
  5 adders
  2 ufetubi
  A worm (D:5)
  4 dart slugs
  17 orcs
  6 ball pythons
  5 endoplasms
  5 giant cockroaches
  14 goblins
  9 hobgoblins
  7 jackals
  4 quokkas
  4 bats
  3 frilled lizards
  17 kobolds
  5 rats
136 creatures vanquished.

Vanquished Creatures (others)
  A fungus (Sewer)
  A plant (Sewer)
2 creatures vanquished.

Grand Total: 138 creatures vanquished

Notes
Turn   | Place    | Note
-------+----------+-------------------------------------------
     0 | D:1      | ytrimaz the Formicid Fighter began the quest for the Orb.
     0 | D:1      | Reached XP level 1. HP: 18/18 MP: 1/1
   239 | D:1      | Reached XP level 2. HP: 24/24 MP: 2/2
   502 | D:1      | Reached skill level 3 in Axes
   866 | D:2      | Noticed Jessica
   876 | D:2      | Killed Jessica
   877 | D:2      | Reached XP level 3. HP: 21/29 MP: 3/3
  1041 | D:2      | Noticed Sigmund
  1049 | D:2      | Killed Sigmund
  1050 | D:2      | Reached skill level 5 in Axes
  1050 | D:2      | Reached XP level 4. HP: 31/35 MP: 4/4
  1050 | D:2      | Reached XP level 5. HP: 36/41 MP: 5/5
  1050 | D:2      | Reached XP level 6. HP: 42/47 MP: 6/6
  1080 | D:2      | Reached skill level 6 in Axes
  1180 | D:2      | Noticed Natasha
  1188 | D:2      | Killed Natasha
  1207 | D:2      | Noticed Robin
  1231 | D:2      | Killed Robin
  1278 | D:2      | Noticed Natasha
  1288 | D:2      | Killed Natasha
  1309 | D:2      | Noticed Natasha
  1317 | D:2      | Killed Natasha
  1586 | D:3      | Gained mutation: Armour fits poorly on your strangely
                  | shaped body. [potion of mutation]
  1586 | D:3      | Gained mutation: Your magical capacity is low. (-10% MP)
                  | [potion of mutation]
  1586 | D:3      | Gained mutation: Your mind is acute. (Int +4, Str/Dex -1)
                  | [potion of mutation]
  1586 | D:3      | Gained mutation: You have sharp toenails. [potion of
                  | mutation]
  1607 | D:3      | Noticed Terence
  1614 | D:3      | Killed Terence
  1615 | D:3      | Reached XP level 7. HP: 28/52 MP: 6/6
  2565 | D:4      | Reached skill level 7 in Axes
  3049 | D:4      | Found a hide-covered altar of Uskayaw.
  3607 | D:5      | Entered Level 5 of the Dungeon
  3640 | D:5      | Reached skill level 8 in Axes
  3766 | D:5      | Found a glowing drain.
  3773 | Sewer    | Entered a sewer
  3806 | Sewer    | Reached XP level 8. HP: 43/58 MP: 7/7
  3896 | Sewer    | Reached skill level 9 in Axes
  4262 | Sewer    | Lost mutation: You have sharp toenails. [potion of
                  | mutation]
  4262 | Sewer    | Lost mutation: Your magical capacity is low. (-10% MP)
                  | [potion of mutation]
  4262 | Sewer    | Lost mutation: Your mind is acute. (Int +4, Str/Dex -1)
                  | [potion of mutation]
  4262 | Sewer    | Gained mutation: You possess an exceptional clarity of
                  | mind. [potion of mutation]
  4262 | Sewer    | Gained mutation: You are clumsy. (Dex -2) [potion of
                  | mutation]
  4464 | D:5      | Found a transporter.
  4529 | D:5      | Noticed voltaire321's ghost (amateur DsVM)
  4530 | D:5      | Found a one-way gate to the infinite horrors of the Abyss.
  4553 | D:5      | Found a transporter.
  4761 | D:5      | Found a staircase to the Ecumenical Temple.
  4799 | Temple   | Entered the Ecumenical Temple
  4856 | Temple   | Became a worshipper of Warmaster Okawaru
  5096 | D:6      | Reached skill level 10 in Axes
  5271 | D:6      | Noticed Prince Ribbit
  5272 | D:6      | Found Kooceitt's Jewellery Emporium.
  5283 | D:6      | Reached XP level 9. HP: 26/64 MP: 9/9
  5286 | D:6      | Noticed Edmund
  5541 | D:6      | Killed Prince Ribbit
  5541 | D:6      | Reached * piety under Okawaru
  5542 | D:6      | Reached skill level 11 in Axes
  5543 | D:6      | Noticed Maggie
  6023 | D:6      | Killed from afar by Maggie

Illustrated notes

Levels and vault maps discovered:
D:1:      spicycebolla_green_bress_n_ham, layout_basic,
          chequers_serial_rivers_marsh, chequers_serial_rivers_room_a
D:2:      layout_basic, uniq_robin, uniq_natasha, uniq_sigmund, uniq_jessica
D:3:      layout_basic, minmay_misc_feat_four_crosses, uniq_terence
D:4:      layout_loops_ring, mainiacjoe_overflow_catwalk
D:5:      layout_loops_ring, minmay_temple_entry_mist, gup_sewer_entry_bowl,
          gammafunk_ghost_abyssal_escape
D:6:      layout_basic, lemuel_round_altar, nemelex_altar_shiori, serial_shops,
          nicolae_shop_trees, uniq_maggie, uniq_edmund, uniq_prince_ribbit1,
          uniq_duvessa
Temple:   hellmonk_temple_of_storms

Skill      XL: |  1  2  3  4  5  6  7  8  9 |
---------------+----------------------------+-----
Axes           | 3 5 6 8 10 11 | 11.2
Fighting       | |  3.3
Armour         | |  3.3
Shields        | |  4.0

Action                   |  1- 3 |  4- 6 |  7- 9 || total
-------------------------+-------+-------+-------++-------
Melee: War axe           |    40 |    79 |   232 ||   351
       Unarmed           |       |    15 |       ||    15
 Abil: Dig               |     1 |       |       ||     1
  Use: Scroll            |     3 |     2 |     4 ||     9
       Potion            |     1 |     2 |     1 ||     4
Armor: Scale mail        |    24 |    32 |    21 ||    77
       Skin              |       |     7 |       ||     7
       Chain mail        |       |       |    88 ||    88
Dodge: Dodged            |    31 |    72 |    81 ||   184
Block: Buckler           |    11 |    14 |    51 ||    76

Table legend: (Time is in decaauts)
 A = Elapsed time spent in this place.
 B = Non-inter-level travel time spent in this place.
 C = Inter-level travel time spent in this place.
 D = Time resting spent in this place.
 E = Time spent auto-exploring this place.
 F = Levels seen in this place.
 G = Mean time per level.
                   A        B        C        D        E       F      G
               +--------+--------+--------+--------+--------+-----+--------+
         Total |   6116 |   5950 |    166 |   1050 |   3742 |   8 |  764.5 |
       Dungeon |   5520 |   5382 |    138 |   1012 |   3378 |   6 |  920.0 |
        Temple |     75 |     47 |     28 |      0 |     34 |   1 |   75.0 |
         Sewer |    520 |    520 |      0 |     38 |    329 |   1 |  520.0 |
               +--------+--------+--------+--------+--------+-----+--------+

Top non-repeatable levels by time:
     D:5: 1560 daAuts
     D:4: 1186 daAuts
     D:3: 878 daAuts
     D:1: 869 daAuts
     D:2: 717 daAuts
   Sewer: 520 daAuts
     D:6: 307 daAuts
  Temple: 75 daAuts
